 Dungeon Crawl Stone Soup version 0.23-a0-494-g91793a9 (webtiles) character file.

25 JeffiDaFish the Grave Robber (level 2, -2/15 HPs)
             Began as a Deep Elf Necromancer on Dec 3, 2018.
             Killed from afar by Natasha (3 damage)
             ... with a magic dart
             ... on level 2 of the Dungeon.
             The game lasted 00:01:42 (1608 turns).

JeffiDaFish the Grave Robber (Deep Elf Necromancer) Turns: 1608, Time: 00:01:42

Health: -2/15      AC:  3    Str:  5    XL:     2   Next: 86%
Magic:  5/8        EV: 13    Int: 19    God:
Gold:   60         SH:  0    Dex: 15    Spells: 6/7 levels left

rFire    . . .     SeeInvis .   d - +0 dagger
rCold    . . .     Gourm    .   (no shield)
rNeg     . . .     Faith    .   a - +0 robe
rPois    .         Spirit   .   (no helmet)
rElec    .         Reflect  .   (no cloak)
rCorr    .         Harm     .   g - +0 pair of gloves
MR       .....                  (no boots)
Stlth    ++........             (no amulet)
HPRegen  0.05/turn              (no ring)
MPRegen  0.11/turn              (no ring)

@: slowed, very slow
A: no striking features
a: no special abilities


You were on level 2 of the Dungeon.
You were not hungry.

You visited 1 branch of the dungeon, and saw 2 of its levels.

You collected 60 gold pieces.

Inventory:

Hand Weapons
 d - a +0 dagger (weapon)
Armour
 a - a +0 robe (worn)
 g - a +0 pair of gloves (worn)
Scrolls
 e - 3 scrolls of identify
Potions
 b - a potion of heal wounds
Comestibles
 c - 2 rations
 f - a chunk of flesh


   Skills:
 + Level 2.8 Dodging
 + Level 2.9 Stealth
 + Level 3.4 Spellcasting
 * Level 5.3 Necromancy


You had 6 spell levels left.
You knew the following spells:

 Your Spells              Type           Power        Failure   Level  Hunger
a - Pain                  Necr           ###.         1%          1    None

Your spell library contained the following spells:

 Spells                   Type           Power        Failure   Level  Hunger
 Animate Skeleton         Necr           N/A          1%          1    None
 Vampiric Draining        Necr           ###.......   4%          3    ###....
 Regeneration             Chrm/Necr      ##........   14%         3    ###....
 Animate Dead             Necr           N/A          16%         4    ####...


Dungeon Overview and Level Annotations

Branches:
Dungeon (2/15)

Altars:

Annotations:
D:2 Natasha


Message History

Natasha writhes in agony!
A stone appears from out of thin air!
The stone hits you. Natasha casts a spell at you. The magic dart hits you!
Casting: Pain (safe; 1% risk of failure)
Confirm with . or Enter, or press ? or * to list all spells.
Aiming: Pain (safe; 1% risk of failure)
Press: ? - help, Shift-Dir - straight line, f/p - Natasha
Aim: Natasha (moderately wounded, chance to defeat MR: 83%) Natasha writhes in agony!
A stone appears from out of thin air!
The stone hits you but does no damage. Natasha claws you.
* * * LOW HITPOINT WARNING * * *
A stone appears from out of thin air!
The stone hits you but does no damage.
Natasha howls an incantation.
Natasha's front paws start to glow.
Natasha stares at you and mumbles some strange words.
You feel as though you will be slow longer.
Natasha stares at you and mumbles some strange words.
The magic dart hits you!
You die...

... #.......#
.(..#####.#######
.........#
#.##.##.#
#.......#
...#...### #
#...# #..$#
#..@######.
#..h.......
...............
...............
...............
###............
#.#...#.#####
#.#...#.# #
#...#.#


You could see Natasha.

Vanquished Creatures
  2 dart slugs (D:1)
  A giant cockroach (D:1)
  3 goblins
  3 hobgoblins (D:1)
  3 bats (D:1)
  A frilled lizard (D:1)
  5 kobolds
  2 rats (D:1)
20 creatures vanquished.

Notes
Turn   | Place    | Note
-------+----------+-------------------------------------------
     0 | D:1      | JeffiDaFish the Deep Elf Necromancer began the quest for
                  | the Orb.
     0 | D:1      | Reached XP level 1. HP: 10/10 MP: 6/6
   382 | D:1      | Reached skill level 5 in Necromancy
   439 | D:1      | Reached XP level 2. HP: 7/15 MP: 5/8
  1438 | D:1      | You fall through a shaft!
  1601 | D:2      | Noticed Natasha
  1608 | D:2      | Killed from afar by Natasha

Vault maps used:
D:1:      minmay_arrival_five_plusses
D:2:      grunt_temple_overflow_order_and_chaos_2, first_ration, st_stairs_8,
          minmay_fractal_squares_gapless_5, uniq_natasha, uniq_terence

Skill      XL: |  1 |
---------------+----+-----
Necromancy     | 5 |  5.3
Dodging        | |  2.8
Stealth        | |  2.9
Spellcasting   | |  3.4

Action                   || total
-------------------------++-------
Melee: Dagger            ||    18
 Cast: Pain              ||    27
  Use: Scroll            ||     3
 Stab: Sleeping          ||     4
  Eat: Chunk             ||     2
Armor: Robe              ||     4
Dodge: Dodged            ||    16

Table legend:
 A = Non-vault XP
 B = Vault XP
 C = Vault XP percentage of total XP
 D = Non-vault monster count
 E = Vault monster count
 F = Vault count percentage of total count
                 A         B        C        D         E       F
            +---------+---------+-------+---------+---------+-------
      Total |      37 |       0 |   0.0 |      20 |       0 |   0.0
            +---------+---------+-------+---------+---------+-------
        D:1 |      32 |       0 |   0.0 |      17 |       0 |   0.0
        D:2 |       5 |       0 |   0.0 |       3 |       0 |   0.0
            +---------+---------+-------+---------+---------+-------
